 Dungeon Crawl Stone Soup version 0.31.0-32-g396128a36d (webtiles) character file.

Game seed: 1298537906148509053

604 cj66 the Covered (level 7, -5/54 HPs)
             Began as a Human Fighter on Mar 29, 2024.
             Was an Initiate of Qazlal.
             Shot with an arrow by a centaur (15 damage)
             ... on level 5 of the Dungeon.
             The game lasted 00:24:58 (3807 turns).

cj66 the Covered (Human Fighter)                    Turns: 3807, Time: 00:24:59

Health: -5/54      AC:  6    Str: 16    XL:     7   Next: 42%
Magic:  7/7        EV: 11    Int: 17    God:    Qazlal [......]
Gold:   301        SH:  5    Dex: 12    Spells: 6/6 levels left

rFire   . . .        h - +5 hand axe "Dragon's Tongue" {spect, *Slow rC+ Int+6}
rCold   + . .        c - +0 buckler
rNeg    . . .        s - +0 ring mail {Will+}
rPois   .            (no helmet)
rElec   .            (no cloak)
rCorr   .            (no gloves)
SInv    .            (no boots)
Will    ++...        (no amulet)
Stlth   +            g - ring of willpower
HPRegen 0.29/turn    (no ring)
MPRegen 0.10/turn

%: slow self (1%)
@: no status effects
A: explore regen
a: Renounce Religion


You were on level 5 of the Dungeon.
You worshipped Qazlal.
Qazlal was noncommittal.
You visited 1 branch of the dungeon, and saw 5 of its levels.

You collected 301 gold pieces.

Inventory:

Hand Weapons
 a - a +0 long sword
 h - the +5 hand axe "Dragon's Tongue" (weapon) {spect, *Slow rC+ Int+6}
   (You found it on level 2 of the Dungeon)

   Int+6:     It affects your intelligence (+6).
   rC+:       It protects you from cold.
   *Slow:     It may slow you when you take damage.
 n - a +3 dagger of venom
Armour
 c - a +0 buckler (worn)
 k - a +2 leather armour of cold resistance
 s - a +0 ring mail of willpower (worn)
 A - an orb of mayhem
 B - a +2 pair of boots
Magical Staves
 e - a staff of death
Jewellery
 g - a ring of willpower (left hand)
 E - a +6 ring of intelligence
 F - a ring of resist corrosion
Talismans
 l - a flux talisman
Wands
 v - a wand of digging (3)
Scrolls
 b - a scroll of amnesia {unknown}
 i - 2 scrolls of identify {unknown}
 j - a scroll of acquirement {unknown}
 p - 3 scrolls of revelation {unknown}
 q - 2 scrolls of enchant armour {unknown}
 r - 2 scrolls of immolation {unknown}
 t - a scroll of brand weapon {unknown}
 y - a scroll of vulnerability {unknown}
 C - a scroll of fog {unknown}
Potions
 d - a potion of haste {unknown}
 f - 3 potions of attraction
 m - a potion of heal wounds {unknown}
 o - a potion of invisibility {unknown}
 u - a potion of brilliance {unknown}
 w - a potion of degeneration {unknown}
 x - a potion of curing {unknown}
 z - a potion of cancellation {unknown}
 D - a potion of berserk rage {unknown}


   Skills:
 + Level 4.0 Fighting
 - Level 1.5(2.1) Short Blades
 - Level 2.1(2.4) Long Blades
 * Level 3.7 Axes
 + Level 4.8 Armour
 + Level 2.4 Dodging
 + Level 1.5 Stealth
 + Level 3.9 Shields


You had 6 spell levels left.
You didn't know any spells.
Your spell library contained the following spells:

 Spells                   Type           Power      Damage    Failure   Level
 Apportation              Tloc           0%         N/A       50%         1
 Necrotise                Necr           0%         1d4       50%         1
 Sting                    Conj/Alch      0%         1d3       50%         1
 Summon Small Mammal      Summ           0%         N/A       50%         1
 Cigotuvi's Dreadful Rot  Necr/Alch/Air  0%         N/A       63%         2
 Inner Flame              Hex/Fire       0%         N/A       86%         3
 Flame Wave               Conj/Fire      0%         2d4       99%         4
 Ignite Poison            Fire/Alch      0%         N/A       99%         4
 Sticky Flame             Fire/Alch      0%         2d4       99%         4
 Freezing Cloud           Conj/Ice/Air   0%         6-21      100%        5


Dungeon Overview and Level Annotations

Branches:
Dungeon (5/15)
 Temple: D:4-7

Altars:
Cheibriados
Qazlal
Yredelemnul


Innate Abilities, Weirdness & Mutations

You regain HP and MP as you explore.


Message History

You hit the orc priest.
The orc priest is heavily wounded.
Your +5 hand axe "Dragon's Tongue" {spect, *Slow rC+ Int+6} closely misses the orc priest.
The centaur shoots an arrow.
The arrow hits you.
The orc priest hits you with a +0 hand axe.
The orc priest misses your +5 hand axe "Dragon's Tongue" {spect, *Slow rC+ Int+6}.
You closely miss the orc priest.
The orc priest is moderately wounded.
Your +5 hand axe "Dragon's Tongue" {spect, *Slow rC+ Int+6} misses the orc priest.
The centaur shoots an arrow.
The arrow completely misses your +5 hand axe "Dragon's Tongue" {spect, *Slow rC+ Int+6}.
The arrow closely misses you.
A water moccasin comes into view.
The orc priest hits you but does no damage.
The orc priest closely misses your +5 hand axe "Dragon's Tongue" {spect, *Slow rC+ Int+6}.
The centaur shoots an arrow.
The arrow hits you!
* * * LOW HITPOINT WARNING * * *
The orc priest hits you but does no damage.
The orc priest hits your +5 hand axe "Dragon's Tongue" {spect, *Slow rC+ Int+6} with a +0 hand axe.
Your spectral weapon shares its damage with you!
* * * LOW HITPOINT WARNING * * *
You hit the orc priest.
The orc priest is severely wounded.
Your +5 hand axe "Dragon's Tongue" {spect, *Slow rC+ Int+6} hits the orc priest!
You kill the orc priest!
Qazlal accepts your kill.
The centaur shoots an arrow.
The arrow hits you!
* * * LOW HITPOINT WARNING * * *
Your +5 hand axe "Dragon's Tongue" {spect, *Slow rC+ Int+6} disappears.
An orc comes into view. It is wielding a +0 mace.
An orc comes into view. It is wielding a +0 dagger.
The orc shouts! x2; You hear a shout! x2
The centaur shoots an arrow.
The arrow closely misses you.
An orc comes into view. It is wielding a +0 dagger.
An orc wizard comes into view. It is wielding a +0 dagger.
The orc wizard shouts!
The centaur shoots an arrow.
The arrow hits you.
* * * LOW HITPOINT WARNING * * *
The centaur shoots an arrow.
The arrow hits you!
You die...

##...#............#
....##.###.......##
.. .... #........##
.....#.........#
...#....)))##.......
...#....)..####.##.#
...###...)..####....
#..[S..#.....#
.........@.....#
...c###..........#
....#.............
..............o..o
..............o...
................
##..........o..#
#....##.......#


You could see a water moccasin, a centaur, an orc wizard and 3 orcs.

Vanquished Creatures
  Sigmund (D:3)
  A bombardier beetle (D:5)
  4 orc priests
  A hound (D:5)
  A jelly (D:5)
  Terence (D:2)
  3 orc wizards
  2 adders
  6 dart slugs
  A ribbon worm (D:3)
  11 orcs
  6 bats
  8 endoplasms
  5 giant cockroaches
  13 goblins
  5 hobgoblins
  6 kobolds
  A quokka (D:4)
  A ball python (D:4)
  8 frilled lizards
  3 rats (D:1)
88 creatures vanquished.

Notes
Turn   | Place    | Note
-------+----------+-------------------------------------------
     0 | D:1      | cj66 the Human Fighter began the quest for the Orb.
     0 | D:1      | Reached XP level 1. HP: 18/18 MP: 1/1
    77 | D:1      | Reached XP level 2. HP: 24/24 MP: 2/2
   128 | D:1      | HP: 1/24 [poisoned by a goblin]
   324 | D:1      | Reached XP level 3. HP: 27/29 MP: 3/3
   710 | D:2      | Reached skill level 1 in Short Blades
  1107 | D:2      | Noticed Terence
  1122 | D:2      | Killed Terence
  1123 | D:2      | Reached XP level 4. HP: 21/35 MP: 4/4
  1315 | D:2      | Identified the +5 hand axe "Dragon's Tongue" {spect, *Slow
                  | rC+ Int+6}
  1518 | D:2      | Reached skill level 1 in Dodging
  1805 | D:3      | Reached XP level 5. HP: 20/41 MP: 5/5
  1812 | D:3      | Reached skill level 1 in Axes
  2301 | D:4      | Reached XP level 6. HP: 10/48 MP: 6/6
  2481 | D:4      | Reached skill level 1 in Stealth
  2561 | D:4      | Found a stormy altar of Qazlal.
  2561 | D:4      | Found a basalt altar of Yredelemnul.
  2574 | D:4      | Became a worshipper of Qazlal Stormbringer
  2917 | D:3      | Noticed Sigmund
  2922 | D:3      | Killed Sigmund
  2923 | D:3      | Reached XP level 7. HP: 53/53 MP: 7/7
  3456 | D:1      | You fall into a shaft and drop 1 floor!
  3725 | D:5      | Entered Level 5 of the Dungeon
  3748 | D:5      | Found a snail-covered altar of Cheibriados.
  3807 | D:5      | Shot with an arrow by a centaur

Illustrated notes

Levels and vault maps discovered:
D:1:      roderic_dead_forest, layout_rooms, serial_curves, eino_curves_03,
          eino_curves_03
D:2:      layout_basic, uniq_terence
D:3:      layout_loops_corners, uniq_sigmund
D:4:      layout_basic, nicolae_overflow_two_pavilions, kennysheep_orc_chapel
D:5:      layout_cave_pools, grunt_temple_overflow_order_and_chaos_1,
          mainiacjoe_overflow_divided_tiny, slow_altar_1,
          minmay_temple_entry_from_below_b, serial_bayou_pond_b, corexii_shack,
          minmay_misc_feat_nine_boxes, ebering_dispersal_statue_hall

Skill      XL: |  1  2  3  4  5  6  7 |
---------------+----------------------+-----
Short Blades   | 1 |  1.5
Dodging        | 1 2 |  2.4
Axes           | 2 3 |  3.7
Armour         | 4 |  4.8
Stealth        | 1 |  1.5
Fighting       | 4 |  4.0
Long Blades    | |  2.1
Shields        | |  3.9

Action                     |  1- 3 |  4- 6 |  7- 9 || total
---------------------------+-------+-------+-------++-------
  Melee: Long sword        |    68 |       |       ||    68
         Staff             |     5 |       |       ||     5
         Dagger            |    54 |     1 |       ||    55
         Hand axe          |       |    74 |    18 ||    92
    Use: Potion            |     2 |       |       ||     2
   Stab: Sleeping          |       |     1 |       ||     1
         Distracted        |       |       |     1 ||     1
 Armour: Scale mail        |    57 |       |       ||    57
         Leather armour    |    46 |       |       ||    46
         Ring mail         |       |    37 |    16 ||    53
  Dodge: Dodged            |    58 |    28 |    10 ||    96
  Block: Buckler           |    38 |     9 |     3 ||    50
